 Dungeon Crawl Stone Soup version 0.29.1-2-gbd0b4ee654 (webtiles) character file.

Game seed: 10703117674087392985

221 p00ps00p the Trooper (level 5, -11/48 HPs)
             Began as a Hill Orc Fighter on Oct 29, 2022.
             Mangled by Menkaure (15 damage)
             ... on level 4 of the Dungeon.
             The game lasted 00:08:43 (2900 turns).

p00ps00p the Trooper (Hill Orc Fighter)             Turns: 2900, Time: 00:08:43

Health: -11/48     AC:  8    Str: 27    XL:     5   Next: 98%
Magic:  5/5        EV:  9    Int:  8    God:
Gold:   141        SH:  4    Dex: 10    Spells: 4/4 levels left

rFire   . . .      SeeInvis .   a - +0 war axe
rCold   . . .      Faith    .   c - +0 buckler
rNeg    . . .      Spirit   .   b - +0 scale mail
rPois   +          Reflect  .   t - +0 helmet
rElec   .          Harm     .   (no cloak)
rCorr   .          Rampage  .   (no gloves)
Will    .....                   (no boots)
Stlth   ..........              e - amulet of the acrobat
HPRegen 0.16/turn               d - +6 ring of strength
MPRegen 0.09/turn               h - ring of poison resistance

@: no status effects
A: no striking features
a: no special abilities


You were on level 4 of the Dungeon.
You visited 1 branch of the dungeon, and saw 4 of its levels.

You collected 141 gold pieces.

Inventory:

Hand Weapons
 a - a +0 war axe (weapon)
Armour
 b - a +0 scale mail (worn)
 c - a +0 buckler (worn)
 t - a +0 helmet (worn)
Jewellery
 d - a +6 ring of strength (left hand)
 e - an amulet of the acrobat (around neck)
 h - a ring of poison resistance (right hand)
Scrolls
 f - 3 scrolls of vulnerability
 m - a scroll of poison {unknown}
 n - a scroll of fear {unknown}
 o - a scroll of enchant weapon {unknown}
 p - 3 scrolls of enchant armour
 s - a scroll of magic mapping {unknown}
 v - a scroll of amnesia {unknown}
Potions
 g - 2 potions of attraction
 j - a potion of degeneration
 l - a potion of resistance {unknown}
 q - a potion of ambrosia {unknown}
 r - a potion of haste {unknown}
 u - a potion of berserk rage {unknown}


   Skills:
 + Level 5.0 Fighting
 + Level 4.5 Axes
 + Level 4.5 Armour
 + Level 4.4 Shields


You had 4 spell levels left.
You didn't know any spells.
Your spell library contained the following spells:

 Spells                   Type           Power      Damage    Failure   Level
 Necrotise                Necr           0%         1d4       77%         1
 Poisonous Vapours        Pois/Air       0%         N/A       88%         2
 Vampiric Draining        Necr           0%         2d6       98%         3
 Animate Dead             Necr           0%         N/A       100%        4
 Corpse Rot               Necr/Pois/Air  0%         N/A       100%        4
 Agony                    Necr           0%         N/A       100%        5
 Borgnjor's Vile Clutch   Necr/Erth      0%         N/A       100%        5
 Death Channel            Necr           0%         N/A       100%        6


Dungeon Overview and Level Annotations

Branches:
Dungeon (4/15)
 Temple: D:4-7

Altars:
Ashenzari
Nemelex Xobeh

Shops:
D:2 *

Annotations:
D:4 Menkaure


Message History

The kobold shouts!
The adder hisses angrily.
There is a stone staircase leading up here.
There are monsters nearby!
You closely miss the adder. The adder barely misses you.
You barely miss the adder. You block the adder's attack. x2
You miss the adder. The adder bites you.
You slash the adder!
The adder is almost dead.
The adder barely misses you. The adder bites you.
You slash the adder!
You kill the adder!
You hit the kobold.
You kill the kobold!
Found a broken altar of Ashenzari.
You see here a +0 club.
Found a sparkling altar of Nemelex Xobeh.
Menkaure, Prince of Dust comes into view.
Menkaure calls on the powers of darkness!
Your body is wracked with pain!
Found a ring mail and a dagger.
Menkaure mumbles some strange words.
Menkaure seems to speed up.
You slash Menkaure!
Menkaure is heavily damaged.
Menkaure hits you.
Menkaure's ankle releases a plume of dust as he confides, "I'm not really a mummy, you know."
Menkaure hits you!
* * * LOW HITPOINT WARNING * * *
You barely miss Menkaure.
Menkaure is heavily damaged.
You block Menkaure's attack.
You hit Menkaure but do no damage.
Menkaure is heavily damaged.
Menkaure hits you but does no damage.
Menkaure gestures at you while chanting.
You barely resist. You hit Menkaure but do no damage.
Menkaure is heavily damaged.
Menkaure hits you!
You die...

....# ##.#.###
. ....... ..
.....# ..
..#..#
#.#####.#..#
#.....#.#<.#
.##[._..#.##)#
.....8M@.....#
.#..._....##.#
...).........#
.##.#####.##.#
# #.##.#
#.##.# ..##.#
#.##.#


You could see Menkaure (fast).

Vanquished Creatures
  A scorpion (D:3)
  Robin (D:3)
  3 gnolls (D:3)
  4 adders
  2 worms (D:2)
  2 dart slugs
  5 orcs (D:3)
  4 endoplasms
  3 giant cockroaches (D:1)
  11 goblins
  8 hobgoblins
  7 quokkas
  4 ball pythons
  5 bats
  2 frilled lizards
  8 kobolds
  3 rats
73 creatures vanquished.

Notes
Turn   | Place    | Note
-------+----------+-------------------------------------------
     0 | D:1      | p00ps00p the Hill Orc Fighter began the quest for the Orb.
     0 | D:1      | Reached XP level 1. HP: 19/19 MP: 1/1
   221 | D:1      | Reached XP level 2. HP: 21/27 MP: 2/2
   418 | D:1      | Found a faded altar of an unknown god.
   418 | D:1      | Noticed a neqoxec
   644 | D:1      | Reached skill level 4 in Fighting
   722 | D:2      | Reached XP level 3. HP: 33/33 MP: 3/3
  1223 | D:2      | Found Hucha's General Store.
  1599 | D:3      | Reached XP level 4. HP: 19/40 MP: 4/4
  1885 | D:3      | Noticed a scorpion
  1899 | D:3      | Killed a scorpion
  1900 | D:3      | Reached XP level 5. HP: 30/47 MP: 5/5
  2161 | D:3      | Noticed Robin
  2187 | D:3      | Killed Robin
  2523 | D:3      | Reached skill level 5 in Fighting
  2890 | D:4      | Found a broken altar of Ashenzari.
  2891 | D:4      | Found a sparkling altar of Nemelex Xobeh.
  2892 | D:4      | Noticed Menkaure
  2900 | D:4      | Mangled by Menkaure

Illustrated notes

Levels and vault maps discovered:
D:1:      sevenhm_arrival_forest_fort_large_4, layout_rooms,
          dreamdust_ecumenical_altar_sealed_demon, minmay_misc_feat_more_columns
D:2:      minmay_door_path, layout_basic, serial_shops, shop
D:3:      layout_rooms, hex_tiny, uniq_robin
D:4:      layout_basic, chequers_temple_overflow_statue_of_worship,
          minmay_temple_entry_gardened_gates, nrook_mini_backslash,
          uniq_menkaure

Skill      XL: |  1  2  3  4  5 |
---------------+----------------+-----
Axes           | 3 4 |  4.5
Fighting       | 4 5 |  5.0
Armour         | 4 |  4.5
Shields        | 4 |  4.4

Action                   |  1- 3 |  4- 6 || total
-------------------------+-------+-------++-------
Melee: War axe           |    98 |    94 ||   192
  Use: Scroll            |       |     6 ||     6
       Potion            |       |     4 ||     4
Armor: Scale mail        |   100 |    48 ||   148
       Skin              |       |    32 ||    32
Dodge: Dodged            |    83 |    62 ||   145
Block: Buckler           |    32 |    33 ||    65
